 Dungeon Crawl Stone Soup version 0.22.0-21-g8bd1b0a76a (webtiles) character file.

6132 Kniotic the Martial Artist (level 10, -6/65 (66) HPs)
             Began as an Octopode Monk on Aug 19, 2018.
             Was an Initiate of Gozag.
             Killed from afar by a gargoyle (26 damage)
             ... with a stone arrow
             ... on level 10 of the Dungeon.
             The game lasted 00:22:31 (11030 turns).

Kniotic the Martial Artist (Octopode Monk)         Turns: 11030, Time: 00:22:32

HP:   -6/65 (66)    AC:  1    Str: 14    XL:     10   Next: 89%
MP:   0/11          EV: 14    Int: 12    God:    Gozag
Gold: 1067          SH:  0    Dex: 15    Spells: 9/9 levels left

rFire    . . .     SeeInvis .     - Unarmed
rCold    . . .     Gourm    .   (no shield)
rNeg     . . .     Faith    .   z - +0 hat
rPois    .         Spirit   +   e - amulet of guardian spirit
rElec    .         Reflect  .   k - ring of resist corrosion
rCorr    +         Harm     .   (no ring)
MR       .....                  (no ring)
Stlth    +++.......             (no ring)
HPRegen  0.20/turn              (no ring)
MPRegen  0.12/turn              (no ring)
                                (no ring)
                                (no ring)

@: gold aura
A: almost no armour, stealthy swim, amphibious, 8 rings, constrict 8, camouflage
1, gelatinous body 1
a: Potion Petition, Call Merchant, Bribe Branch, Renounce Religion


You were on level 10 of the Dungeon.
You worshipped Gozag.
Gozag was most pleased with you.
You were not hungry.

You visited 2 branches of the dungeon, and saw 11 of its levels.

You collected 1142 gold pieces.
You spent 75 gold pieces at shops.

Inventory:

Armour
 z - a +0 hat (worn)
Jewellery
 e - an amulet of guardian spirit (around mantle)
 h - an uncursed amulet of magic regeneration
 k - a ring of resist corrosion (left tentacle)
 t - an uncursed amulet of faith
 E - an uncursed ring of fire {unknown}
Wands
 b - a wand of flame (53)
 d - a wand of polymorph (8)
 g - a wand of paralysis (14)
 i - a wand of enslavement (17)
 o - a wand of disintegration (5)
Scrolls
 f - 3 scrolls of remove curse
 l - 2 scrolls of amnesia {unknown}
 q - 10 scrolls of identify
 w - a scroll of teleportation {unknown}
 x - a scroll of fear
 y - a scroll of enchant weapon {unknown}
 A - a scroll of silence {unknown}
 B - a scroll of enchant armour {unknown}
Potions
 c - 8 potions of curing
 j - a potion of flight
 m - 2 potions of agility {unknown}
 n - 2 potions of berserk rage {unknown}
 p - a potion of magic
 r - a potion of ambrosia {unknown}
 s - a potion of invisibility {unknown}
 u - a potion of resistance {unknown}
 v - 2 potions of heal wounds
 C - a potion of brilliance {unknown}
 D - a potion of haste
Comestibles
 a - 13 rations


   Skills:
 + Level 5.4 Fighting
 - Level 3.0 Dodging
 - Level 2.6 Stealth
 * Level 14.7 Unarmed Combat
 + Level 2.1 Evocations


You had 9 spell levels left.
You didn't know any spells.
Your spell library contained the following spells:

 Spells                   Type           Power        Failure   Level  Hunger
 Magic Dart               Conj           #...         32%         1    ##.....
 Searing Ray              Conj           #.....       45%         2    ###....
 Dazzling Spray           Conj/Hex       #.....       69%         3    ####...
 Force Lance              Conj/Tloc      #.......     97%         4    #####..
 Fulminant Prism          Conj/Hex       #.........   97%         4    #####..
 Iskenderun's Mystic Bla  Conj           #.......     97%         4    #####..


Dungeon Overview and Level Annotations

Branches:
Dungeon (10/15)            Temple (1/1) D:5            Lair (0/6) D:8
    Orc: D:9-12

Altars:
Ashenzari
Cheibriados
Elyvilon
Gozag
Kikubaaqudgha
Makhleb
Nemelex Xobeh
Qazlal
Ru
Sif Muna
Trog
Vehumet
Xom
Yredelemnul
Zin

Shops:
D:7 !   D:9 !(:*


Innate Abilities, Weirdness & Mutations

You cannot wear most types of armour.
You are very stealthy in the water. (Stealth+)
You are amphibious.
You can wear up to eight rings at the same time.
You can use your tentacles to constrict eight enemies at once.
Your skin changes colour to match your surroundings (Stealth+).
Your rubbery body absorbs attacks. (AC +1, EV +1)


Message History

The gargoyle is moderately damaged.
You constrict the gargoyle, but do no damage.
The gargoyle hits you with a mace!!
You tentacle-slap the gargoyle.
You squeeze the gargoyle, but do no damage.
The gargoyle is heavily damaged.
You constrict the gargoyle, but do no damage.
The gargoyle hurls a stone arrow at you.
The stone arrow hits you!
You tentacle-slap the gargoyle but do no damage.
The gargoyle is heavily damaged.
You constrict the gargoyle. You bludgeon the gargoyle!
You squeeze the gargoyle, but do no damage.
The gargoyle is almost destroyed.
You constrict the gargoyle.
The gargoyle hurls a stone arrow at you.
The stone arrow hits you!
You die...
Your body crumbles into a pile of gold.

#. . .#. ##
... .....# #
### # #..#.#
.#### #.#
.......##....#
#.#
#.#.##9......#
#.#
#.#.##@......#
#.#
#.#.##.......#
#)#
#............#
#.#
##..##....####
#)#
#...##....#
#)#
#..###(...#
#.# #..#
###### #.#
#..#
#######.###.##


You could see a gargoyle.

Vanquished Creatures
  Pikel (D:8)
  A cyclops (D:7)
  A hippogriff (D:7)
  7 yaks
  Eustachio (D:4)
  A water moccasin (D:7)
  Edmund (D:4)
  Duvessa (D:5)
  2 ice beasts (D:8)
  A sky beast (D:8)
  2 phantoms
  3 ogres
  A necrophage (D:10)
  3 orc warriors
  3 centaurs
  A big kobold (D:10)
  Blork the orc (D:4)
  8 bullfrogs
  Dowan (D:5)
  A scorpion (D:4)
  7 wights
  A killer bee (D:9)
  3 howler monkeys
  2 centaur zombies
  4 hounds
  3 crimson imps
  A jelly (D:5)
  2 quasits
  An orc priest (D:6)
  A bullfrog skeleton (D:9)
  3 orc wizards
  2 iguanas
  Ijyb (D:3)
  4 worker ants
  A killer bee zombie (D:8)
  A hound zombie (D:7)
  Robin (D:3)
  7 gnolls (D:7)
  A howler monkey skeleton (D:5)
  10 adders
  A shadow imp (D:7)
  2 oozes
  2 adder zombies
  2 adder skeletons
  3 worms
  9 leopard geckos
  13 orcs
  3 ball pythons
  9 bats
  4 giant cockroaches
  13 goblins
  8 hobgoblins
  9 jackals
  2 quokkas
  3 frilled lizards (D:1)
  A jackal skeleton (D:5)
  6 kobolds
  2 leopard gecko skeletons
  4 rats
193 creatures vanquished.

Vanquished Creatures (collateral kills)
  A yak (D:10)
  An orc wizard (D:10)
  An orc (D:10)
3 creatures vanquished.

Vanquished Creatures (others)
  A wizard (D:3)
  An orc warrior (D:7)
  A hound (D:7)
  A leopard gecko (D:7)
  An orc (D:7)
  A quokka (D:7)
6 creatures vanquished.

Grand Total: 202 creatures vanquished

Notes
Turn   | Place    | Note
-------+----------+-------------------------------------------
     0 | D:1      | Kniotic the Octopode Monk began the quest for the Orb.
     0 | D:1      | Reached XP level 1. HP: 16/16 MP: 1/1
   160 | D:1      | Reached XP level 2. HP: 21/21 MP: 2/2
   371 | D:1      | Reached XP level 3. HP: 15/26 MP: 3/3
   794 | D:1      | Reached skill level 4 in Unarmed Combat
  1516 | D:2      | Reached XP level 4. HP: 27/31 MP: 4/4
  2410 | D:3      | Found a sacrificial altar of Ru.
  2416 | D:3      | Reached skill level 5 in Unarmed Combat
  2416 | D:3      | Reached XP level 5. HP: 23/37 MP: 3/5
  2448 | D:3      | Noticed Robin
  2454 | D:3      | Killed Robin
  3017 | D:3      | Noticed an ogre
  3207 | D:2      | Found a shimmering altar of Xom.
  3471 | D:3      | Noticed Ijyb
  3480 | D:3      | Killed Ijyb
  3622 | D:3      | Found a bloodstained altar of Trog.
  3623 | D:3      | Noticed a wizard
  3628 | D:3      | Killed a wizard
  3838 | D:4      | Reached skill level 6 in Unarmed Combat
  4041 | D:4      | Noticed Edmund
  4041 | D:4      | Noticed Eustachio
  4056 | D:4      | Noticed Blork the orc
  4078 | D:4      | Reached XP level 6. HP: 43/43 MP: 6/6
  4310 | D:4      | Found a shattered altar of Ashenzari.
  4537 | D:4      | Killed Eustachio
  4537 | D:4      | Reached skill level 7 in Unarmed Combat
  4739 | D:4      | Reached XP level 7. HP: 38/47 MP: 5/7
  4819 | D:4      | Killed Edmund
  4819 | D:4      | Reached skill level 8 in Unarmed Combat
  4968 | D:4      | Killed Blork the orc
  5093 | D:5      | Entered Level 5 of the Dungeon
  5112 | D:5      | Found a glowing silver altar of Zin.
  5209 | D:5      | Found a basalt altar of Yredelemnul.
  5267 | D:5      | Noticed Duvessa
  5383 | D:5      | Noticed Dowan
  5399 | D:5      | Killed Duvessa
  5478 | D:5      | Killed Dowan
  5478 | D:5      | Reached XP level 8. HP: 26/54 MP: 4/8
  5667 | D:5      | Reached skill level 9 in Unarmed Combat
  5727 | D:5      | Found a staircase to the Ecumenical Temple.
  5969 | D:6      | Found an ancient bone altar of Kikubaaqudgha.
  6197 | Temple   | Entered the Ecumenical Temple
  6268 | Temple   | Became a worshipper of Gozag Ym Sagoz the Greedy
  6477 | D:6      | Found a stormy altar of Qazlal.
  6478 | D:6      | Noticed an air elemental
  6518 | D:6      | Noticed a water elemental
  6703 | D:7      | Reached skill level 10 in Unarmed Combat
  7008 | D:7      | Found Hirylotu's Distillery.
  7026 | D:7      | Bought a potion of heal wounds for 75 gold pieces
  7027 | D:7      | Noticed a hippogriff
  7028 | D:7      | Noticed a cyclops
  7499 | D:7      | Reached XP level 9. HP: 55/59 MP: 7/9
  7600 | D:7      | Killed a cyclops
  7600 | D:7      | Reached skill level 11 in Unarmed Combat
  7613 | D:7      | Found a shimmering altar of Xom.
  7890 | D:7      | Reached skill level 12 in Unarmed Combat
  8505 | D:8      | Found a staircase to the Lair.
  8783 | D:8      | Reached skill level 1 in Evocations
  8898 | D:8      | Reached skill level 13 in Unarmed Combat
  8898 | D:8      | Reached XP level 10. HP: 54/65 MP: 10/10
  8917 | D:8      | Reached skill level 5 in Fighting
  9238 | D:8      | Noticed Pikel
  9246 | D:8      | Killed Pikel
  9552 | D:9      | Found Rifax's General Store.
  9591 | D:9      | Found Dipt's Book Shoppe.
  9636 | D:9      | Found Xois's Weapon Shop.
 10080 | D:9      | Found Qipytin's Distillery.
 10122 | D:9      | Reached skill level 14 in Unarmed Combat
 10471 | D:10     | Entered Level 10 of the Dungeon
 11021 | D:10     | Noticed a gargoyle
 11030 | D:10     | Killed from afar by a gargoyle

Skill      XL: |  1  2  3  4  5  6  7  8  9 10 |
---------------+-------------------------------+-----
Unarmed Combat | 4 5 6 7 8 10 13 14 | 14.7
Fighting       | 4 5 |  5.4
Evocations     | 1 2 |  2.1
Dodging        | |  3.0
Stealth        | |  2.6

Action                   |  1- 3 |  4- 6 |  7- 9 | 10-12 || total
-------------------------+-------+-------+-------+-------++-------
Melee: Unarmed           |    82 |   120 |   204 |   155 ||   561
       Constrict         |    24 |    30 |    39 |    22 ||   115
       Tentacles         |    18 |    22 |    41 |    29 ||   110
       Punch             |     1 |     5 |    26 |    13 ||    45
Invok: Potion Petition   |       |       |     1 |       ||     1
Evoke: Wand              |       |       |     5 |     6 ||    11
  Use: Scroll            |       |     3 |     3 |     2 ||     8
 Stab: Sleeping          |    11 |     8 |    21 |     1 ||    41
       Invisible         |       |     1 |       |       ||     1
       Paralysed         |       |       |    11 |     4 ||    15
  Eat: Chunk             |     2 |    10 |     4 |       ||    16
       Ration            |       |       |     3 |     2 ||     5
Armor: Skin              |    11 |     7 |     9 |     1 ||    28
Dodge: Dodged            |    45 |    64 |    85 |    65 ||   259
